 Dungeon Crawl Stone Soup version 0.28-a0-925-gd5e1996cdb (webtiles) character file.

Game seed: 4356024015627203243

39 croobank the Insei (level 3, 0/23 HPs)
             Began as an Octopode Transmuter on Nov 27, 2021.
             Slain by a jackal (2 damage)
             ... on level 2 of the Dungeon.
             The game lasted 00:09:47 (1900 turns).

croobank the Insei (Octopode Transmuter)            Turns: 1900, Time: 00:09:47

Health: 0/23       AC:  1    Str: 10    XL:     3   Next: 47%
Magic:  4/6        EV: 13    Int: 15    God:
Gold:   814        SH:  0    Dex: 12    Spells: 1/6 levels left

rFire   . . .      SeeInvis .   a - +2 mace (holy)
rCold   . . .      Faith    .   (no shield)
rNeg    . . .      Spirit   .   (helmet currently unavailable)
rPois   .          Reflect  .   (no amulet)
rElec   .          Harm     .   (no ring)
rCorr   .          Rampage  .   (no ring)
Will    .....      Clarity  +   (no ring)
Stlth   ++........              (no ring)
HPRegen 0.07/turn               (no ring)
MPRegen 0.10/turn               (no ring)
                                (no ring)
                                (no ring)

@: appendages (expiring), wereblooded
A: tentacle spike 3, almost no armour, amphibious, 8 rings, camouflage 1,
gelatinous body 1, (nimble swimmer 1), tentacles, clarity
a: End Transformation


You were on level 2 of the Dungeon.
One of your tentacles had grown a beastly spike.
You visited 1 branch of the dungeon, and saw 2 of its levels.

You collected 814 gold pieces.

Inventory:

Hand Weapons
 a - a +2 mace of holy wrath (weapon)
 b - a +0 hunting sling
 c - a +0 short sword
 d - a +0 dagger
Magical Staves
 g - a staff of death
Wands
 e - a wand of charming (9)
Scrolls
 f - a scroll of amnesia
Potions
 h - a potion of lignification


   Skills:
 + Level 1.2 Fighting
 + Level 0.0 Maces & Flails
 - Level 2.2 Dodging
 - Level 3.6 Unarmed Combat
 + Level 2.4 Spellcasting
 + Level 2.3 Transmutations


You had one spell level left.
You knew the following spells:

 Your Spells              Type           Power      Damage    Failure   Level
a - Beastly Appendage     Tmut           16%        N/A       9%          1
b - Wereblood             Tmut           8%         N/A       12%         2
c - Poisonous Vapours     Pois/Air       2%         N/A       32%         2

Your spell library contained the following spells:

 Spells                   Type           Power      Damage    Failure   Level
 Corpse Rot               Necr/Air       2%         N/A       32%         2
 Spider Form              Tmut/Pois      5%         N/A       36%         3
 Ice Form                 Ice/Tmut       5%         N/A       78%         4


Dungeon Overview and Level Annotations

Branches:
Dungeon (2/15)

Altars:


Innate Abilities, Weirdness & Mutations

One of your tentacles has grown a beastly spike.
You cannot wear most types of armour.
You are amphibious.
You can wear up to eight rings at the same time.
Your skin changes colour to match your surroundings (Stealth+).
Your rubbery body absorbs attacks. (AC +1, EV +1)
((You are camouflaged near water. (Stealth+)))
You have tentacles for arms and can constrict up to eight enemies at once.
You possess an exceptional clarity of mind.


Message History

The jackal bites you but does no damage.
The jackal misses you. The jackal barely misses you. x2
The jackal closely misses you. The jackal bites you. x2
You barely miss the jackal. Your grab misses the jackal.
Your tentacle spike misses the jackal.
The jackal is heavily wounded.
The jackal closely misses you. The jackal misses you.
The jackal closely misses you. The jackal bites you. x4
The jackal barely misses you.
You barely miss the jackal. Your grab misses the jackal.
Your tentacle spike misses the jackal.
The jackal is heavily wounded.
The jackal closely misses you. The jackal misses you.
The jackal closely misses you. The jackal bites you.
The jackal barely misses you. The jackal misses you.
The jackal closely misses you. The jackal misses you.
You closely miss the jackal. You grab the jackal.
The jackal is moderately wounded.
Your transformation is almost over.
You constrict the jackal.
The jackal bites you but does no damage.
The jackal bites you. The jackal closely misses you.
The jackal barely misses you. The jackal bites you.
* * * LOW HITPOINT WARNING * * *
The jackal misses you. The jackal closely misses you.
You release your grip on the jackal.
The jackal bites you.
* * * LOW HITPOINT WARNING * * *
The jackal barely misses you. The jackal misses you.
The jackal barely misses you. The jackal bites you.
* * * LOW HITPOINT WARNING * * *
The jackal barely misses you.
As you read the scroll labelled QEEV QIREEPIN, it crumbles to dust.
It is a scroll of enchant weapon.
Your +1 mace of holy wrath glows red for a moment.
The jackal bites you.
* * * LOW HITPOINT WARNING * * *
The jackal bites you.
You die...

########## #.#
#........#### #.#
#.####......# #.# #.#
#.#.##.# #.#
#.####.#.##.# #.# ####
#.##.@h..##.###.###...
#.##.#h#h##.##...##.#.
#.##.#h#.##.#.....#...
#........##.##...###.#
#####.#......###.###...
#......................
#.#........#####.###...
#.#.###..# ##'######
#...# #..# ##...##


You could see 4 jackals.

Vanquished Creatures
  A dart slug (D:1)
  2 bats (D:1)
  4 endoplasms
  A giant cockroach (D:1)
  7 goblins
  6 hobgoblins (D:1)
  2 jackals (D:1)
  2 kobolds (D:1)
  3 ball pythons
  A frilled lizard (D:2)
  2 rats
31 creatures vanquished.

Notes
Turn   | Place    | Note
-------+----------+-------------------------------------------
     0 | D:1      | croobank the Octopode Transmuter began the quest for the
                  | Orb.
     0 | D:1      | Reached XP level 1. HP: 13/13 MP: 3/3
   176 | D:1      | Gained mutation: You possess an exceptional clarity of
                  | mind. [potion of mutation]
   316 | D:1      | Reached XP level 2. HP: 16/18 MP: 3/5
   319 | D:1      | Learned a level 2 spell: Wereblood
   690 | D:1      | Learned a level 2 spell: Poisonous Vapours
   882 | D:1      | Reached XP level 3. HP: 14/23 MP: 4/6
  1226 | D:1      | Identified a scroll of acquirement
  1226 | D:1      | Acquired 744 gold pieces
  1315 | D:1      | Found a faded altar of an unknown god.
  1582 | D:2      | Found Nosmis's Antique Weapon Emporium.
  1900 | D:2      | Slain by a jackal

Illustrated notes

Levels and vault maps discovered:
D:1:      erik_arrival_blinker_ship, layout_basic,
          hellmonk_ecumenical_altar_prayer_group, minmay_close_crescents
D:2:      layout_loops_corners, serial_shops, shop_statue

Action                   || total
-------------------------++-------
Melee: Unarmed           ||    23
       Constrict         ||    22
       Tentacles         ||    11
       Kick              ||    16
       Punch             ||     4
       Dagger            ||    34
       Mace              ||    14
       Short sword       ||     3
 Cast: Beastly Appendage ||    21
       Wereblood         ||     1
  Use: Potion            ||     3
       Scroll            ||     4
 Stab: Sleeping          ||     4
Armor: Skin              ||    11
Dodge: Dodged            ||    54

Table legend: (Time is in decaauts)
 A = Elapsed time spent in this place.
 B = Non-inter-level travel time spent in this place.
 C = Inter-level travel time spent in this place.
 D = Time resting spent in this place.
 E = Time spent auto-exploring this place.
 F = Levels seen in this place.
 G = Mean time per level.
                   A        B        C        D        E       F      G
               +--------+--------+--------+--------+--------+-----+--------+
         Total |   1883 |   1877 |      6 |    258 |   1288 |   2 |  941.5 |
       Dungeon |   1883 |   1877 |      6 |    258 |   1288 |   2 |  941.5 |
               +--------+--------+--------+--------+--------+-----+--------+

Top non-repeatable levels by time:
     D:1: 1440 daAuts
     D:2: 443 daAuts
